AoeStats
← deagle

Black Forest

506550951Analyzed
4v4 RM · 18d ago on Sep 14, 2026· 43m 42s· 8 players
Game mode
Random Map
Map size
Large (8 player)
Population
200
Speed
Normal
Resources
Standard
Victory
Conquest
Starting age
Dark Age
Ending age
Imperial Age
RankedLock teamsTeams togetherTeam positionsShared explorationLock speedFull tech treeHidden civsTurbo modeCheats
Victory
Defeat
🇵🇾 Chinese · Paraguay
1143
+17
🇦🇷 Vietnamese · Argentina
1128
+17
🇦🇷 Poles · Argentina
1126
+17
🇨🇱 Maya · Chile
1119
+18
🇦🇷 Saracens · Argentina
1175
-18
🇦🇷 Goths · Argentina
1175
-18
🇦🇷 Lithuanians · Argentina
1163
-18
🇦🇷 Aztecs · Argentina
1107
-15
deagle
2:33 Loom
16:55 Feudal Age
17:36 Double-Bit Axe
21:10 Castle Age
20:14 Gold Mining
22:51 Horse Collar
30:36 Bow Saw
32:24 Wheelbarrow
31:50 Town Watch
33:39 Caravan
38:21 Imperial Age
36:08 Hand Cart
36:40 Town Patrol
38:53 Elite Battle Elephant
39:34 Husbandry
39:45 Bloodlines
41:10 Forging
43:38 Iron Casting
43:09 Scale Barding Armor
43:00 Cavalier
DANICW82
2:27 Loom
13:06 Feudal Age
17:02 Castle Age
15:02 Double-Bit Axe
15:23 Horse Collar
18:21 Stone Mining
19:25 Wheelbarrow
20:18 Heavy Plow
28:08 Gold Mining
31:14 Imperial Age
30:03 Squires
29:48 Arson
29:24 Pikeman
30:45 Caravan
31:39 Gold Shaft Mining
32:39 Padded Archer Armor
34:30 Hand Cart
35:27 Leather Archer Armor
35:03 Fletching
36:15 Conscription
35:56 Elite Skirmisher
36:42 Thumb Ring
36:01 Halberdier
36:07 Elite Fire Lancer
37:28 Bow Saw
38:52 Ring Archer Armor
38:28 Bodkin Arrow
38:40 Scale Mail Armor
38:52 Forging
39:49 Two-Man Saw
41:39 Chain Mail Armor
Ricardo
0:41 Loom
12:03 Feudal Age
14:25 Double-Bit Axe
14:24 Horse Collar
20:33 Castle Age
21:46 Bow Saw
28:13 Wheelbarrow
29:06 Caravan
30:30 Eagle Warrior
31:11 Squires
31:46 Heavy Plow
32:31 Hand Cart
32:49 Fletching
36:00 Imperial Age
33:52 Town Watch
34:51 Town Patrol
35:12 Thumb Ring
35:04 Arson
35:17 Bodkin Arrow
35:23 Padded Archer Armor
35:24 Scale Mail Armor
35:34 Forging
36:04 Man-at-Arms
36:10 Crossbowman
36:38 Pikeman
38:38 Chemistry
37:58 Arbalester
38:04 Capped Ram
39:11 Leather Archer Armor
39:21 Ballistics
38:34 Elite Skirmisher
41:00 Two-Man Saw
39:34 Imperial Skirmisher
40:36 Bracer
41:07 Ring Archer Armor
41:34 Hul'che Javelineers
42:56 Halberdier
43:40 Elite Plumed Archer
Concensus
2:58 Loom
11:46 Feudal Age
16:09 Castle Age
13:54 Horse Collar
14:32 Double-Bit Axe
17:02 Heavy Plow
18:20 Stone Mining
18:21 Gold Mining
22:02 Wheelbarrow
26:16 Bow Saw
29:38 Imperial Age
27:52 Bloodlines
27:43 Husbandry
28:34 Szlachta Privileges
28:45 Scale Barding Armor
30:24 Chain Barding Armor
30:15 Forging
29:45 Cavalier
30:49 Conscription
34:58 Iron Casting
34:48 Siege Engineers
35:05 Ballistics
35:46 Chemistry
Perón
1:29 Loom
11:29 Feudal Age
16:18 Castle Age
15:23 Double-Bit Axe
15:23 Horse Collar
16:11 Stone Mining
23:37 Heavy Plow
26:19 Wheelbarrow
26:14 Bow Saw
27:18 Hand Cart
27:17 Gold Mining
31:21 Imperial Age
29:50 Fletching
30:01 Padded Archer Armor
30:17 Forging
30:13 Scale Barding Armor
30:18 Padded Archer Armor
31:33 Iron Casting
30:58 Fletching
33:13 Conscription
32:16 Elite Mameluke
35:11 Blast Furnace
35:48 Scale Barding Armor
37:04 Bodkin Arrow
38:57 Ballistics
39:38 Chemistry
40:44 Bracer
40:53 Pikeman
Capiango2.0
11:07 Loom
17:48 Feudal Age
18:07 Man-at-Arms
19:42 Forging
23:38 Castle Age
22:55 Double-Bit Axe
22:53 Horse Collar
25:24 Scale Mail Armor
27:08 Chain Mail Armor
31:33 Bow Saw
31:30 Heavy Plow
32:38 Anarchy
33:09 Squires
35:28 Iron Casting
43:12 Imperial Age
41:22 Wheelbarrow
42:56 Pikeman
ELDIOSCHICHOLIN
0:26 Loom
11:48 Feudal Age
12:21 Double-Bit Axe
16:43 Castle Age
15:38 Gold Mining
16:44 Stone Mining
16:48 Horse Collar
18:03 Heavy Plow
21:44 Bow Saw
27:43 Imperial Age
26:33 Wheelbarrow
27:34 Fletching
27:39 Town Watch
28:12 Hand Cart
29:54 Crop Rotation
30:03 Gold Shaft Mining
32:20 Conscription
34:06 Scale Mail Armor
34:17 Forging
34:41 Ballistics
35:22 Chemistry
34:18 Bodkin Arrow
34:57 Pikeman
35:39 Squires
35:24 Gambesons
39:55 Chain Mail Armor
40:16 Iron Casting
Joaquin_AoE
0:44 Loom
14:18 Feudal Age
15:21 Gold Mining
19:50 Castle Age
31:42 Wheelbarrow
31:15 Stone Mining
32:02 Town Watch
35:07 Double-Bit Axe
42:50 Imperial Age
Connection lost

Rejoining the realm…

Still unreachable

The connection could not be restored.

Session expired

The server has moved on; the page needs a fresh start.